Map: Orbital Shipyard

Players

Trussell

  • Race: Zerg Zerg
  • League: Grandmaster

xKawaiian - Winner!

  • Race: Terran Terran
  • League: Master

VOD

Have the link to the VOD?

Description

Time

  • Played on: Jan. 15, 2016, 2:08 a.m.
  • Length: 8:57
Show
View Real Time Build Order
Export as new Build Order

Trussell Zerg 

Build Orders: Hatch First 

Get SALT Encoding   

  12  0:01  Drone  
  13  0:13  Overlord  
  13  0:18  Drone  
  14  0:32  Drone x2  
  16  0:38  Drone  
  17  0:56  Hatchery  
  16  1:07  Spawning Pool  
  16  1:10  Drone  
  16  1:21  Drone x2  
  16  1:25  Overlord  
  18  1:32  Extractor  
  17  1:33  Drone  
  18  1:47  Drone  
  19  1:54  Queen  
  19  1:55  Zergling x2  
  22  2:07  Drone  
  23  2:08  Queen  
  23  2:14  Drone  
  23  2:15  Drone  
  27  2:19  Drone  
  28  2:30  Queen, Zergling x2  
  28  2:31  Overlord  
  28  2:37  Drone  
  31  2:40  Drone  
  31  2:43  Metabolic Boost  
  32  2:56  Drone  
  32  2:57  Drone  
  34  3:04  Drone x2  
  34  3:05  Drone  
  37  3:09  Drone x2  
  39  3:19  Hatchery  
  38  3:23  Drone x3  
  41  3:37  Overlord  
  41  3:41  Roach Warren  
  40  3:43  Zergling x6  
  40  3:44  Zergling x2  
  44  3:53  Overlord x2  
  44  3:55  Lair  
  44  4:07  Zergling x4  
  46  4:11  Zergling x4  
  46  4:12  Zergling x4  
  46  4:13  Drone x3  
  46  4:15  Extractor  
  52  4:22  Hatchery  
  52  4:23  Drone  
  52  4:24  Drone  
  54  4:25  Drone  
  54  4:30  Overlord  
  55  4:31  Drone x2  
  55  4:35  Drone, Extractor  
  55  4:37  Extractor  
  56  4:41  Evolution Chamber  
  56  4:44  Overlord  
  55  4:47  Drone x3  
  55  4:50  Roach  
  60  4:54  Drone  
  60  4:56  Drone  
  60  4:59  Glial Reconstitution  
  61  5:09  Drone x4  
  61  5:11  Zerg Ground Armor Level 1  
  64  5:16  Evolution Chamber  
  63  5:21  Overlord  
  63  5:22  Roach x2  
  67  5:29  Drone x4  
  67  5:32  Drone x3  
  74  5:36  Drone  
  74  5:38  Drone  
  76  5:43  Overlord  
  76  5:45  Overlord  
  76  5:48  Zerg Missile Weapons Level 1  
  76  5:49  Drone  
  77  5:53  Overlord  
  77  6:04  Roach x3  
  77  6:05  Roach, Zergling x2  
  77  6:06  Queen  
  77  6:08  Roach  
  82  6:12  Roach x3  
  82  6:15  Roach x2  
  82  6:18  Roach  
  92  6:21  Drone x2  
  92  6:23  Roach  
  85  6:30  Roach x2  
  79  6:38  Drone  
  79  6:39  Drone  
  74  6:42  Drone x2  
  74  6:43  Drone  
  71  6:51  Drone x3  
  71  6:53  Overlord  
  75  6:54  Drone  
  75  7:00  Drone  
  75  7:01  Drone  
  75  7:04  Drone  
  76  7:10  Roach x2  
  76  7:11  Roach  
  75  7:19  Roach x2  
  75  7:20  Roach x2, Queen  
  78  7:23  Roach  
  74  7:32  Roach x3  
  74  7:34  Roach  
  74  7:38  Roach  
  74  7:39  Roach  
  74  7:43  Roach  
  74  7:44  Roach  
  73  7:46  Drone  
  73  8:02  Drone  
  73  8:03  Drone, Queen  
  77  8:07  Drone x3  
  77  8:08  Drone x2  
  82  8:13  Ravager  
  82  8:14  Ravager x2  
  82  8:16  Drone  
  82  8:19  Zergling x6  
  89  8:20  Ravager  
  89  8:23  Zergling x2  
  91  8:30  Zergling x4  
  81  8:47  Spore Crawler  
Show
View Real Time Build Order
Export as new Build Order

xKawaiian Terran - Winner!

Build Orders: Reaper Expand, MMM Bio 

Get SALT Encoding   

  12  0:00  SCV  
  13  0:13  SCV  
  14  0:18  Supply Depot  
  14  0:25  SCV  
  15  0:39  SCV  
  15  0:40  Barracks  
  16  0:46  Refinery  
  16  0:52  SCV  
  17  1:04  SCV  
  18  1:16  SCV  
  19  1:29  Orbital Command  
  19  1:30  Reaper  
  20  1:40  Command Center  
  20  1:52  Supply Depot  
  20  1:54  SCV  
  21  2:02  Barracks Reactor  
  21  2:06  SCV  
  22  2:10  Barracks  
  22  2:18  SCV  
  22  2:19  Barracks  
  23  2:30  SCV  
  24  2:39  Reaper x2  
  24  2:42  SCV  
  27  2:53  Orbital Command  
  27  2:54  SCV  
  28  3:03  Factory  
  28  3:04  Refinery  
  28  3:07  SCV  
  28  3:10  Barracks Tech Lab  
  28  3:11  Supply Depot  
  29  3:14  Marine x3  
  33  3:20  SCV x2  
  34  3:30  Marine  
  34  3:32  SCV x2, Marine x2  
  39  3:34  Marine  
  39  3:40  Stimpack  
  40  3:44  Supply Depot, SCV  
  40  3:45  SCV  
  40  3:48  Marine  
  42  3:53  Marine  
  42  3:54  Marine x2  
  46  3:56  SCV  
  46  3:57  SCV  
  46  4:00  Starport  
  48  4:06  Factory Reactor, Marine  
  48  4:08  SCV  
  50  4:11  Marine x3  
  50  4:12  Supply Depot  
  53  4:24  SCV, Marine  
  53  4:25  SCV  
  53  4:28  Marine  
  53  4:29  Marine  
  57  4:33  Marine  
  57  4:35  Supply Depot  
  57  4:36  SCV  
  57  4:37  SCV  
  60  4:45  Medivac x2  
  64  4:48  SCV  
  64  4:50  SCV, Marine  
  64  4:52  Command Center  
  67  4:57  Marine x2  
  67  4:58  Supply Depot  
  69  5:00  SCV  
  69  5:01  Marine  
  69  5:02  SCV  
  72  5:08  Marine  
  72  5:10  Factory Reactor  
  72  5:12  SCV  
  74  5:15  Marine x2  
  74  5:19  Marine  
  77  5:26  SCV, Marine  
  77  5:27  Medivac  
  77  5:28  SCV  
  82  5:30  Refinery  
  82  5:31  Refinery  
  82  5:33  Engineering Bay x2  
  82  5:35  Barracks Reactor  
  82  5:37  Marine x2  
  82  5:38  SCV  
  82  5:40  Supply Depot  
  82  5:41  Supply Depot  
  85  5:44  SCV  
  85  5:48  Supply Depot  
  86  5:50  Combat Shields  
  86  6:01  Marine x3  
  89  6:08  Hellion x2, Medivac  
  95  6:12  Marine x2  
  95  6:16  Barracks  
  95  6:17  Barracks  
  96  6:19  Marine x2  
  96  6:22  SCV x2  
  100  6:27  Medivac  
  100  6:29  Hellion  
  100  6:30  Hellion, Orbital Command  
  104  6:36  SCV x2  
  104  6:37  Marine  
  103  6:46  Marauder, Marine x2  
  104  6:48  Medivac  
  104  6:51  Hellion, Marine  
  107  6:55  Marine  
  107  7:00  SCV x2  
  110  7:02  Terran Infantry Weapons Level 1  
  110  7:03  Marine  
  110  7:07  Barracks Reactor  
  110  7:08  Marauder  
  112  7:09  Orbital Command  
  112  7:14  Marine  
  111  7:19  Barracks Tech Lab  
  109  7:23  Marine x2  
  109  7:24  Marine  
  109  7:28  SCV  
  109  7:29  Barracks, Marauder  
  110  7:31  SCV  
  110  7:32  Marine  
  105  7:44  Medivac  
  105  7:45  Marauder, Marine x3, Medivac  
  105  7:49  SCV  
  105  7:50  Marauder  
  112  7:52  SCV  
  112  7:53  SCV  
  112  7:56  Marine  
  115  8:01  SCV  
  115  8:02  Armory  
  116  8:07  Marine x2, Marauder  
  116  8:08  Marine x2  
  116  8:09  Widow Mine  
  124  8:13  Marine  
  124  8:18  Marauder, Marine  
  124  8:19  Supply Depot, SCV  
  129  8:20  Supply Depot  
  129  8:23  Barracks Tech Lab  
  129  8:25  Marine x3  
  132  8:28  Marauder  
  134  8:34  Marine  
  144  8:50  Refinery x2  
Tags
 
Add a new tag
Caveats
  • Supply blocks, unpowered buildings, or Contaminate may cause inaccurate times.
  • Supply counts are checked every 10 seconds.